cohdb
Replays
Latest Replays
All Replays
Popular Replays
Top Player Replays
Match Explorer
How It Works
Community
CoH3 Stats
Reddit
Sign in to upload your games and track your stats! →
Sign in with Steam
Match 39989548
Unlisted
Match 39989548
Overview
Messages
Build Orders
End
Construct Weapon Support Center
Engineer Squad
M1919 Machine Gun Team
Engineer Squad
M1919 Machine Gun Team
Mortar Pit
Construct Medical Station
Mechanized Support Center
M3 Armored Personnel Carrier
Engineer Squad
Construct Tank Depot
Forward Retreat Point
Mortar Pit
M4(105) Sherman Bulldozer
M3 Armored Personnel Carrier
M1919 Machine Gun Team
Designate Forward Repair Station
Improvised Armor
Mortar Pit
Scout Squad
Selects Heavy Weapons
Selects Assault Carriers
Selects Halftrack Strongpoints
M1919 Machine Gun Team
Mortar Pit
Mortar Pit
Mortar Pit
Selects M26 Pershing Heavy Tank
M26 Pershing Heavy Tank
Salvage Crew
Rapid Repairs
Selects M2HB .50cal Heavy Machine Gun
Scout Squad
M18 Hellcat Tank Destroyer
Mortar Pit
M18 Hellcat Tank Destroyer
Engineer Squad
Designate Forward Repair Station
Hydra7-1
sharpshooter
(KCC)MGfirst
Septimum
0
0
Comments
sign in to comment!
No comments posted yet!